 Dungeon Sprint DCSS version 0.28-a0-1190-g77e1c55843 (webtiles) character file.

Game seed: 22460942698221760

284690 rocky1 the End of an Era (level 19, 0/189 HPs)
             Began as a Demonspawn Fighter on Dec 19, 2021.
             Was the Champion of Qazlal.
             Killed from afar by a Hell Sentinel (41 damage)
             ... with damnation
             ... summoned by Dispater
             ... in the Dungeon (Sprint VII: "The Pits").
             The game lasted 01:15:58 (12988 turns).

rocky1 the End of an Era (Demonspawn Fighter)      Turns: 12988, Time: 01:15:58

Health: 0/189      AC: 74    Str: 33    XL:     19   Next: 79%
Magic:  36/36      EV: 18    Int: 13    God:    Qazlal [******]
Gold:   230        SH: 41    Dex: 13    Spells: 31/31 levels left

rFire   + + .      SeeInvis +   o - +11 broad axe (freeze)
rCold   + . .      Faith    .   b - +4 tower shield {reflect}
rNeg    + . .      Spirit   .   z - +14 gold dragon scales
rPois   +          Reflect  +   J - +2 hat of the Baker {Str+3}
rElec   +          Harm     .   I - +2 cloak
rCorr   +          Rampage  .   N - +2 pair of gloves
Will    +....      NoTele   +   y - +2 pair of boots {Stlth+}
Stlth   ..........              A - amulet of Oheprig {Reflect rN+ rCorr Int+2 SH+5}
HPRegen 0.41/turn               Q - ring of Xom's Sleight of Hands {rElec AC+4 Str+2}
MPRegen 0.25/turn               K - ring "Fame" {*Corrode rF+ Str+5 Slay+4}

@: mighty, protected from physical damage, sanguine armoured, hasted, studying
Unarmed Combat, repel missiles, very quick
A: antennae 2, powered by death 1, powered by pain 3, sanguine armour 3,
bedeviling, see invisible
}: 2/3 runes: silver, golden
a: Renounce Religion, Upheaval, Elemental Force, Disaster Area


You were in the Dungeon.
You worshipped Qazlal.
Qazlal was exalted by your worship.
You visited 1 branch You collected 230 gold pieces.

Inventory:

Hand Weapons
 n - a +2 scimitar of flaming
 o - a +11 broad axe of freezing (weapon)
 q - a +4 vampiric demon trident
 s - a +1 eveningstar of freezing
 L - the +10 demon trident of Kesiqun {flame, Will+ Str+3 Stlth+}
   (You took it off a frost giant in the Dungeon)

   It burns those it strikes, dealing additional fire damage.
   Str:       It affects your strength (+3).
   Will:      It increases your willpower.
   Stlth:     It makes you more stealthy.
 U - the +8 mithril axe "Arga" {speed, Will+}
   (You took it off a frost giant in the Dungeon)

   Attacks with this weapon are significantly faster.
   Will:      It increases your willpower.
Missiles
 t - 2 silver javelins
 B - 9 javelins (quivered)
Armour
 b - a +4 tower shield of reflection (worn)
 y - a +2 pair of boots of stealth (worn)
 z - +14 gold dragon scales (worn)
 I - a +2 cloak (worn)
 J - the +2 hat of the Baker (worn) {Str+3}
   (You found it in the Dungeon)

   Str:       It affects your strength (+3).
 N - a +2 pair of gloves (worn)
Jewellery
 c - the ring of Sloth {*Corrode Will+++ Dex-3 Slay+4 Stlth+}
   (You found it in the Dungeon)

   [ring of slaying]

   Dex:       It affects your dexterity (-3).
   Slay:      It affects your accuracy & damage with ranged weapons and melee
   (+4).
   *Corrode:  It may corrode you when you take damage.
   Will:      It greatly increases your willpower.
   Stlth:     It makes you more stealthy.
 A - the amulet of Oheprig (around neck) {Reflect rN+ rCorr Int+2 SH+5}
   (You found it in the Dungeon)

   [amulet of reflection]

   It reflects blocked missile attacks.
   Int:       It affects your intelligence (+2).
   rN:        It protects you from negative energy.
   rCorr:     It protects you from acid and corrosion.
   SH:        It affects your SH (+5).
 E - the ring "Oklothrie" {rPois rF+ Str+6}
   (You found it in the Dungeon)

   [ring of strength]

   Str:       It affects your strength (+6).
   rF:        It protects you from fire.
   rPois:     It protects you from poison.
 K - the ring "Fame" (right hand) {*Corrode rF+ Str+5 Slay+4}
   (You found it in the Dungeon)

   [ring of slaying]

   Str:       It affects your strength (+5).
   Slay:      It affects your accuracy & damage with ranged weapons and melee
   (+4).
   rF:        It protects you from fire.
   *Corrode:  It may corrode you when you take damage.
 O - the ring of Darkness {Wiz Drain rCorr SInv}
   (You took it off a fire giant in the Dungeon)

   [ring of wizardry]

   It improves your spell success rate.
   SInv:      It lets you see invisible.
   rCorr:     It protects you from acid and corrosion.
   Drain:     It drains your maximum health when unequipped.
 Q - the ring of Xom's Sleight of Hands (left hand) {rElec AC+4 Str+2}
   (You found it in the Dungeon)

   [ring of protection]

   AC:        It affects your AC (+4).
   Str:       It affects your strength (+2).
   rElec:     It insulates you from electricity.
 R - the ring of Ashenzari's Pride {Fly rPois Str+6 Dex-3 Stlth+}
   (You found it in the Dungeon)

   [ring of strength]

   Str:       It affects your strength (+6).
   Dex:       It affects your dexterity (-3).
   rPois:     It protects you from poison.
   Fly:       It grants you flight.
   Stlth:     It makes you more stealthy.
 T - a ring of willpower
 V - the amulet of the Air {Inacc Air Fly rElec RMsl}
   (You took it off a fire giant in the Dungeon)

   [amulet of nothing]

   It reduces the accuracy of all your attacks.
   It enhances your air magic.
   rElec:     It insulates you from electricity.
   Fly:       It grants you flight.
   RMsl:      It protects you from missiles.
Wands
 a - a wand of mindburst (4)
 r - a wand of flame (15)
 D - a wand of charming (7)
 W - a wand of digging (7)
Scrolls
 l - 5 scrolls of amnesia
 m - a scroll of summoning
 u - 5 scrolls of fog
 w - a scroll of silence
 x - 2 scrolls of fear
 C - 3 scrolls of identify
 M - a scroll of immolation
Potions
 d - 6 potions of might
 e - 16 potions of curing
 f - 8 potions of heal wounds
 g - 9 potions of haste
 h - 10 potions of magic
 i - 7 potions of berserk rage
 k - 3 potions of invisibility
 p - 8 potions of mutation
 v - 4 potions of brilliance
 F - a potion of cancellation
Miscellaneous
 G - a phantom mirror
 H - a tin of tremorstones (2/2)
 P - a phial of floods
 S - a condenser vane


   Skills:
 O Level 27 Fighting
 - Level 16.0 Long Blades
 - Level 16.3(18.0) Axes
 - Level 12.7(16.2) Polearms
 - Level 11.3 Throwing
 O Level 27 Armour
 O Level 27 Dodging
 + Level 7.3 Stealth
 O Level 27 Shields
 + Level 6.7 Spellcasting
 O Level 27 Invocations
 + Level 26.9 Evocations


You had 31 spell levels left.
You didn't know any spells.
Your spell library contained the following spells:

 Spells                   Type           Power      Damage    Failure   Level
 Animate Skeleton         Necr           8%         N/A       56%         1
 Freeze                   Ice            16%        1d4       56%         1
 Pain                     Necr           16%        1d4       56%         1
 Sandblast                Erth           8%         2d5       56%         1
 Slow                     Hex            24%        N/A       56%         1
 Summon Small Mammal      Summ           16%        N/A       56%         1
 Ensorcelled Hibernation  Hex/Ice        12%        N/A       71%         2
 Passwall                 Tmut/Erth      3%         N/A       71%         2
 Static Discharge         Conj/Air       4%         N/A       71%         2
 Call Canine Familiar     Summ           4%         N/A       91%         3
 Conjure Flame            Conj/Fire      4%         6-21      91%         3
 Dazzling Flash           Conj/Hex       12%        N/A       91%         3
 Gell's Gravitas          Tloc           4%         N/A       91%         3
 Ignite Poison            Fire/Tmut/Pois 4%         N/A       91%         3
 Lesser Beckoning         Tloc           4%         N/A       91%         3
 Portal Projectile        Hex/Tloc       12%        N/A       91%         3
 Spider Form              Tmut/Pois      4%         N/A       91%         3
 Summon Guardian Golem    Hex/Summ       6%         N/A       91%         3
 Swiftness                Air            4%         N/A       91%         3
 Teleport Other           Tloc           4%         N/A       91%         3
 Tukima's Dance           Hex            6%         N/A       91%         3
 Vampiric Draining        Necr           4%         2d6       91%         3
 Animate Dead             Necr           2%         N/A       100%        4
 Cause Fear               Hex            3%         N/A       100%        4
 Dispel Undead            Necr           4%         3d7       100%        4
 Hailstorm                Conj/Ice       4%         3d4       100%        4
 Ice Form                 Ice/Tmut       4%         N/A       100%        4
 Iskenderun's Mystic Bla  Conj/Tloc      4%         2d3       100%        4
 Olgreb's Toxic Radiance  Pois           4%         N/A       100%        4
 Sticky Flame             Conj/Fire      4%         2d3       100%        4
 Summon Ice Beast         Ice/Summ       4%         N/A       100%        4
 Summon Lightning Spire   Summ/Air       4%         N/A       100%        4
 Fireball                 Conj/Fire      2%         3d4       100%        5
 Freezing Cloud           Conj/Ice/Air   2%         6-21      100%        5
 Iskenderun's Battlesphe  Conj           4%         2d6       100%        5
 Lightning Bolt           Conj/Air       2%         1d13      100%        5
 Manifold Assault         Tloc           4%         N/A       100%        5
 Summon Mana Viper        Hex/Summ       6%         N/A       100%        5
 Conjure Ball Lightning   Conj/Air       2%         3x3d6     100%        6
 Eringya's Noxious Bog    Tmut/Pois      2%         N/A       100%        6
 Iron Shot                Conj/Erth      2%         9d2       100%        6
 Starburst                Conj/Fire      2%         6d3       100%        6
 Haunt                    Necr/Summ      2%         N/A       100%        7
 Malign Gateway           Summ/Tloc      2%         N/A       100%        7
 Monstrous Menagerie      Summ           2%         N/A       100%        7
 Orb of Destruction       Conj           2%         9d1       100%        7
 Ozocubu's Refrigeration  Ice            2%         4d5       100%        7
 Spellforged Servitor     Conj/Summ      2%         N/A       100%        7
 Storm Form               Tmut/Air       2%         N/A       100%        7
 Borgnjor's Revivificati  Necr           2%         N/A       100%        8
 Discord                  Hex            3%         N/A       100%        8
 Ignition                 Fire           2%         3d3       100%        8
 Infestation              Necr           2%         N/A       100%        8
 Maxwell's Capacitive Co  Air            2%         ∞         100%        8
 Necromutation            Tmut/Necr      2%         N/A       100%        8
 Summon Horrible Things   Summ           2%         N/A       100%        8
 Death's Door             Necr           2%         N/A       100%        9


Dungeon Overview and Level Annotations

Branches:
Dungeon (1/1)

Altars:
Ashenzari
Cheibriados
Dithmenos
Elyvilon
Fedhas
Gozag
Hepliaklqana
Kikubaaqudgha
Makhleb
Nemelex Xobeh
Okawaru
Qazlal
Ru
Sif Muna
Trog
Uskayaw
Vehumet
Wu Jian
Xom
Yredelemnul
Zin
The Shining One
Beogh
Jiyva
Lugonu

Annotations:
D Dispater


Innate Abilities, Weirdness & Mutations

You have a pair of antennae on your head.
You regenerate a little health from kills.
You are powered by pain.
When seriously injured, your blood forms very thick armour. (AC +12)
Your hexes are more powerful.
You have supernaturally acute eyesight. (SInv)


Message History

Dispater gestures.
You cut Dispater into ribbons!!! You freeze Dispater!
Dispater is heavily wounded.
You slice the Hell Sentinel!! You slash the Hell Sentinel!
You kill the Hell Sentinel!
The Hell Sentinel disappears in a puff of smoke!
You slice Dispater!! You freeze Dispater.
Dispater is heavily wounded.
You hit the Hell Sentinel but do no damage.
Dispater gestures at you.
The sphere of damnation explodes!
The damnation engulfs you!!
* * * LOW HITPOINT WARNING * * *
The damnation engulfs the Hell Sentinel.
The Hell Sentinel completely resists.
The damnation engulfs Dispater.
Dispater completely resists.
You hit Dispater but do no damage.
Dispater is heavily wounded.
You slash the Hell Sentinel!
You block the Hell Sentinel's attack. x2
You slice Dispater!! You freeze Dispater.
Dispater is heavily wounded.
You hit the Hell Sentinel. You block Dispater's attack.
You hit Dispater but do no damage.
Dispater is heavily wounded.
You hit the Hell Sentinel.
You block the Hell Sentinel's attack. x2
You carve Dispater like a ham!!! You freeze Dispater!
Dispater is severely wounded.
You hit the Hell Sentinel. You slash Dispater!
Dispater is severely wounded.
You hit the Hell Sentinel. You block Dispater's attack.
You block the Hell Sentinel's attack. x2
You completely miss Dispater.
Dispater is severely wounded.
You hit the Hell Sentinel. You completely miss Dispater.
Dispater is severely wounded.
You slash the Hell Sentinel! Dispater closely misses you.
The Hell Sentinel gestures at you.
The sphere of damnation explodes!
The damnation engulfs you!!!
You die...

#.'#.###)###.###.##### {
####...')))#...'[..'.##
#.###.###)###.###.#####
##'.#'#.##'.##'.###.###
#...#...#...#...#...##
###.###.'##))##.##..###
#.#[#.###.#'#.#'#.#.# #
##'.§##.###.###.###.###
#...1@..#...'...#...##
##.###&##'.'##.'#..### ###
+#)###.###.#.# # ##'.###.###.###
#...'..))...## ##.##'.##).##.
###.###.##''. ## ## ####
#################################


You could see Dispater and a Hell Sentinel (summoned).

Vanquished Creatures
  A pandemonium lord (D)
  Dissolution (D)
  Ignacio (D)
  Mnoleg (D)
  the Serpent of Hell (D)
  4 ancient liches (D)
  An orb of fire (D)
  A royal mummy (D)
  Boris (D)
  Frederick (D)
  2 golden dragons (D)
  A curse toe (D)
  A profane servitor (D)
  Nikola (D)
  4 pearl dragons (D)
  3 bone dragons (D)
  A Tzitzimitl (D)
  2 electric golems (D)
  2 Brimstone Fiends (D)
  A hellephant (D)
  2 Ice Fiends (D)
  3 Hell Sentinels (D)
  2 tentacled monstrosities (D)
  5 deep elf master archers (D)
  A deep elf blademaster (D)
  2 acid blobs (D)
  3 quicksilver dragons (D)
  16 titans (D)
  3 liches (D)
  A death cob (D)
  3 sphinxes (D)
  An Executioner (D)
  5 shadow dragons (D)
  3 nagarajas (D)
  A storm dragon (D)
  A draconian knight (D)
  2 azure jellies (D)
  15 fire giants (D)
  A draconian monk (D)
  A rockslime (D)
  2 deep elf sorcerers (D)
  3 iron dragons (D)
  22 frost giants (D)
  Louise (D)
  2 orc warlords (D)
  An emperor scorpion (D)
  A ghost moth (D)
  A balrug (D)
  A draconian stormcaller (D)
  A draconian scorcher (D)
  A spriggan defender (D)
  19 stone giants (D)
  A war gargoyle (D)
  A reaper (D)
  A draconian annihilator (D)
  An ophan (D)
  A deep elf demonologist (D)
  A black draconian (D)
  A vampire knight (D)
  An apis (D)
  2 deep elf annihilators (D)
  5 lorocyprocas (D)
  A purple draconian (D)
  2 white draconians (D)
  2 dire elephants (D)
  2 red draconians (D)
  2 minotaurs (D)
  Snorg (D)
  2 blizzard demons (D)
  3 eidola (D)
  2 merfolk javelineers (D)
  2 yaktaur captains (D)
  A deep elf high priest (D)
  4 green deaths (D)
  A fire dragon (D)
  11 ettins (D)
  A great orb of eyes (D)
  2 vault guards (D)
  A naga warrior (D)
  2 hell beasts (D)
  An ice dragon (D)
  2 spriggan air magi (D)
  An anaconda (D)
  2 catoblepae (D)
  A centaur warrior (D)
  3 ogre magi (D)
  9 two-headed ogres (D)
  A death knight (D)
  A merfolk aquamancer (D)
  An alligator snapping turtle (D)
  A merfolk avatar (D)
  5 death yaks (D)
  4 hell hogs (D)
  A deep troll earth mage (D)
  A deep troll shaman (D)
  3 vampire magi (D)
  2 soul eaters (D)
  A spriggan berserker (D)
  2 deep elf knights (D)
  9 hell knights (D)
  A fire crab (D)
  A spriggan (D)
  An iron troll (D)
  A death drake (D)
  A cherub (D)
  20 deep trolls (D)
  A spriggan druid (D)
  A bog body (D)
  A flayed ghost (D)
  3 wizards (D)
  3 harpies (D)
  2 deep elf pyromancers (D)
  2 necromancers (D)
  12 orc knights (D)
  2 wolf spiders (D)
  20 cyclopes (D)
  3 molten gargoyles (D)
  An elephant (D)
  A guardian serpent (D)
  2 naga magi (D)
  An eye of devastation (D)
  A black mamba (D)
  A cane toad (D)
  A smoke demon (D)
  2 orange demons (D)
  2 unseen horrors (D)
  A hellion (D)
  2 yaktaurs (D)
  A freezing wraith (D)
  A rime drake (D)
  A demonic crawler (D)
  A tormentor (D)
  A red devil (D)
  A hellwing (D)
  2 ice devils (D)
  6 trolls (D)
  7 merfolk (D)
  3 slime creatures (D)
  A wind drake (D)
  A hornet (D)
  3 blink frogs (D)
  5 dream sheep (D)
  14 redbacks (D)
  A snapping turtle (D)
  A flying skull (D)
  A wraith (D)
  3 tarantellas (D)
  2 wyverns (D)
  5 water elementals (D)
  A neqoxec (D)
  6 yaks (D)
  A golden eye (D)
  A fire elemental (D)
  Grum (D)
  5 vampire mosquitoes (D)
  A water moccasin (D)
  3 hell hounds (D)
  4 floating eyes (D)
  An ice beast (D)
  3 orc warriors (D)
  A black bear (D)
  5 wolves (D)
  A small abomination (D)
  11 ogres (D)
  A centaur (D)
  A phantom (D)
  A kobold brigand (D)
  A bullfrog (D)
  11 killer bees (D)
  A jelly (D)
  A quasit (D)
  An iron imp (D)
  A gnoll shaman (D)
  An orc priest (D)
  An iguana (D)
  2 orc wizards (D)
  A mummy (D)
  5 gnolls (D)
  A river rat (D)
  A white imp (D)
  A worm (D)
  6 orcs (D)
  2 ball pythons (D)
  2 giant cockroaches (D)
  3 goblins (D)
  A hobgoblin (D)
  A quokka (D)
  A ball python simulacrum (D)
  A giant cockroach simulacrum (D)
  A giant cockroach zombie (D)
  A quokka skeleton (D)
  2 rats (D)
514 creatures vanquished.

Notes
Turn   | Place    | Note
-------+----------+-------------------------------------------
     0 | D        | rocky1 the Demonspawn Fighter began the quest for the Orb.
     0 | D        | Reached XP level 1. HP: 18/18 MP: 1/1
    25 | D        | Found a bloodstained altar of Trog.
    25 | D        | Found a shimmering blue altar of Sif Muna.
    25 | D        | Found a viscous altar of Jiyva.
    25 | D        | Found a hazy altar of Hepliaklqana.
    25 | D        | Found an opulent altar of Gozag.
    26 | D        | Found a basalt altar of Yredelemnul.
    26 | D        | Found a shimmering altar of Xom.
    26 | D        | Found an ornate altar of the Wu Jian Council.
    26 | D        | Found a sacrificial altar of Ru.
    26 | D        | Found a stormy altar of Qazlal.
    26 | D        | Found an iron altar of Okawaru.
    26 | D        | Found a sparkling altar of Nemelex Xobeh.
    26 | D        | Found a burning altar of Makhleb.
    26 | D        | Found a blossoming altar of Fedhas.
    26 | D        | Found a shadowy altar of Dithmenos.
    26 | D        | Found a snail-covered altar of Cheibriados.
    28 | D        | Found a radiant altar of Vehumet.
    28 | D        | Found a corrupted altar of Lugonu.
    29 | D        | Found a hide-covered altar of Uskayaw.
    29 | D        | Found an ancient bone altar of Kikubaaqudgha.
    29 | D        | Found a broken altar of Ashenzari.
    39 | D        | Became a worshipper of Qazlal Stormbringer
    78 | D        | Gained mutation: You sometimes gain a little power by
                  | taking damage. [demonic ancestry]
    78 | D        | Reached XP level 2. HP: 18/24 MP: 2/2
   166 | D        | Reached * piety under Qazlal
   234 | D        | Noticed a floating eye
   242 | D        | Paralysed by a floating eye for 3 turns
   246 | D        | Killed a floating eye
   247 | D        | Reached skill level 5 in Shields
   247 | D        | Reached XP level 3. HP: 31/31 MP: 3/3
   247 | D        | Gained mutation: When seriously injured, your blood forms
                  | armour. (AC +12) [demonic ancestry]
   247 | D        | Reached XP level 4. HP: 38/38 MP: 4/4
   247 | D        | Reached ** piety under Qazlal
   504 | D        | Noticed a floating eye
   505 | D        | Noticed a flying skull
   512 | D        | Paralysed by a floating eye for 3 turns
   516 | D        | Killed a floating eye
   517 | D        | Reached skill level 5 in Fighting
   517 | D        | Reached skill level 5 in Long Blades
   517 | D        | Reached skill level 5 in Armour
   517 | D        | Gained mutation: When seriously injured, your blood forms
                  | thick armour. (AC +12) [demonic ancestry]
   517 | D        | Reached XP level 5. HP: 44/44 MP: 4/7
   529 | D        | Killed a flying skull
   529 | D        | Reached *** piety under Qazlal
   530 | D        | Reached skill level 5 in Invocations
   530 | D        | Reached XP level 6. HP: 36/53 MP: 5/9
   536 | D        | Reached **** piety under Qazlal
   537 | D        | Reached skill level 5 in Dodging
   649 | D        | Noticed an orange demon
   654 | D        | Killed an orange demon
   655 | D        | Reached XP level 7. HP: 41/60 MP: 1/12
   825 | D        | Noticed a molten gargoyle
   825 | D        | Noticed a wyvern
   834 | D        | Killed a wyvern
   835 | D        | Reached XP level 8. HP: 48/68 MP: 7/13
   839 | D        | Reached ***** piety under Qazlal
   841 | D        | Killed a molten gargoyle
  1013 | D        | Noticed Grum
  1054 | D        | Killed Grum
  1055 | D        | Reached skill level 10 in Invocations
  1067 | D        | Gained mutation: You have a pair of small antennae on your
                  | head. [demonic ancestry]
  1067 | D        | Reached XP level 9. HP: 59/75 MP: 16/16
  1161 | D        | Noticed a molten gargoyle
  1184 | D        | Reached ****** piety under Qazlal
  1194 | D        | Reached skill level 10 in Shields
  1197 | D        | Killed a molten gargoyle
  1198 | D        | Reached skill level 10 in Long Blades
  1418 | D        | Noticed a cane toad
  1420 | D        | Killed an unseen horror
  1420 | D        | Killed a cane toad
  1421 | D        | Gained mutation: When seriously injured, your blood forms
                  | very thick armour. (AC +12) [demonic ancestry]
  1421 | D        | Reached XP level 10. HP: 81/81 MP: 12/20
  1491 | D        | Noticed a deep troll
  1499 | D        | Reached skill level 15 in Invocations
  1502 | D        | Killed a deep troll
  1630 | D        | Noticed a black mamba
  1630 | D        | Noticed an eidolon
  1630 | D        | Noticed a harpy
  1630 | D        | Noticed a harpy
  1630 | D        | Noticed a two-headed ogre
  1631 | D        | Killed a black mamba
  1631 | D        | Killed a two-headed ogre
  1631 | D        | Noticed a harpy
  1632 | D        | Killed a harpy
  1633 | D        | Gained mutation: You have a pair of antennae on your head.
                  | [demonic ancestry]
  1633 | D        | Reached XP level 11. HP: 83/87 MP: 13/23
  1637 | D        | Killed a harpy
  1640 | D        | Killed a harpy
  1642 | D        | Killed an eidolon
  1780 | D        | Noticed a hell hog
  1780 | D        | Noticed a deep troll
  1781 | D        | Noticed a hell hog
  1781 | D        | Noticed a hell hog
  1782 | D        | Noticed a hell hog
  1782 | D        | Killed a hell hog
  1783 | D        | Killed a hell hog
  1783 | D        | Killed a hell hog
  1783 | D        | Killed a deep troll
  1784 | D        | Reached skill level 15 in Shields
  1795 | D        | Reached skill level 15 in Long Blades
  1800 | D        | Killed a hell hog
  2012 | D        | Got the ring "Veshran" {rN+ Str+2 Dex+6}
  2202 | D        | Noticed a deep troll
  2209 | D        | Killed a deep troll
  2215 | D        | Gained mutation: You sometimes gain power by taking damage.
                  | [demonic ancestry]
  2215 | D        | Reached XP level 12. HP: 60/94 MP: 24/26
  3032 | D        | Noticed an ettin
  3032 | D        | Noticed a black draconian
  3032 | D        | Noticed a dire elephant
  3032 | D        | Noticed an alligator snapping turtle
  3033 | D        | Noticed a vampire knight
  3034 | D        | Killed a vampire knight
  3034 | D        | Killed an alligator snapping turtle
  3034 | D        | Killed an ettin
  3034 | D        | Killed a dire elephant
  3054 | D        | Killed a black draconian
  3306 | D        | Noticed a minotaur
  3321 | D        | Killed a minotaur
  3634 | D        | Noticed a fire giant
  3635 | D        | Noticed an orc warlord
  3635 | D        | Noticed an orc warlord
  3636 | D        | Killed an orc warlord
  3636 | D        | Killed an orc warlord
  3637 | D        | Reached skill level 10 in Fighting
  3637 | D        | Reached XP level 13. HP: 57/104 MP: 20/29
  3642 | D        | Killed a fire giant
  3678 | D        | Reached skill level 10 in Armour
  3685 | D        | Noticed a nagaraja
  3690 | D        | Killed a nagaraja
  3714 | D        | Noticed a fire giant
  3718 | D        | Killed a fire giant
  3719 | D        | Reached skill level 10 in Dodging
  3803 | D        | Noticed a deep elf blademaster
  3828 | D        | Killed a deep elf blademaster
  4489 | D        | Got the +13 crystal plate armour of Avant Garde Knowledge
                  | {+Blink}
  4513 | D        | Got the +2 hat of the Baker {Str+3}
  4641 | D        | Reached skill level 1 in Evocations
  4701 | D        | Noticed a white draconian
  4701 | D        | Identified the +2 fire dragon scales of Wiwam {rF++ rC-
                  | Str+3 Stlth+}
  4701 | D        | Noticed a spriggan defender
  4707 | D        | Noticed an apis
  4707 | D        | Killed a spriggan defender
  4714 | D        | Killed a white draconian
  4717 | D        | Killed a lorocyproca
  4723 | D        | Reached skill level 27 in Invocations
  4723 | D        | Gained mutation: You regenerate a little health from kills.
                  | [demonic ancestry]
  4723 | D        | Reached XP level 14. HP: 105/116 MP: 20/31
  4723 | D        | Noticed a death cob
  4731 | D        | Killed a death cob
  4732 | D        | Reached skill level 5 in Evocations
  4760 | D        | Killed an apis
  5053 | D        | Noticed Frederick
  5057 | D        | Killed Frederick
  5089 | D        | Noticed a deep elf sorcerer
  5093 | D        | Killed a deep elf sorcerer
  5146 | D        | Noticed a sphinx
  5151 | D        | Killed a sphinx
  5166 | D        | Noticed a sphinx
  5174 | D        | Noticed a lich
  5177 | D        | Killed a sphinx
  5178 | D        | Reached skill level 15 in Fighting
  5178 | D        | Noticed Louise
  5178 | D        | Noticed a lich
  5181 | D        | Killed a lich
  5183 | D        | Killed Louise
  5183 | D        | Killed a lich
  5184 | D        | Reached skill level 10 in Evocations
  5216 | D        | Noticed an ancient lich
  5235 | D        | Killed an ancient lich
  5514 | D        | Noticed a fire giant
  5531 | D        | Killed a fire giant
  5532 | D        | Reached XP level 15. HP: 81/130 MP: 32/32
  5687 | D        | Noticed a nagaraja
  5713 | D        | Killed a nagaraja
  5736 | D        | Got the Catalogue of the Frostbite
  5741 | D        | Got the Catalogue of the Entrancing Snowflakes
  5765 | D        | Got the Papyrus of Unstable Poison
  5767 | D        | Got Achoc's Incunabulum of Harmful Feathers
  5848 | D        | Got the ring "Sudaul" {Fire rPois Will+ Str+6}
  5850 | D        | Got the ring "Wuagit" {Ice rElec Str+2 Stlth+}
  5852 | D        | Got the ring of Kagudd {Fly rElec EV+6}
  5854 | D        | Got the ring of the Lich-sworn {rPois Will+}
  5856 | D        | Got the ring "Wuduqion" {rPois rF- Will+ Str+6 Dex+4}
  5858 | D        | Got the ring "Xihyjov" {Str+3 Int+4 Dex+6}
  5860 | D        | Got the ring "Reahosho" {Will+ Dex+6}
  5862 | D        | Got the ring "Coemyut" {Ice rPois rN+ Dex+3}
  5864 | D        | Got the ring of Epishuf {rPois Str+6 Int-4 Dex+4}
  5868 | D        | Got the ring of Koxtukil {rPois Slay+3 Stlth+}
  5872 | D        | Got the ring "Kis Luim" {*Slow rPois rC+ Str+8 SInv}
  5886 | D        | Got the amulet of the Clam {Spirit rElec Str-5 Int+5 Dex-4}
  5888 | D        | Got the amulet of Xom's Whimsicality {RegenMP SInv}
  5890 | D        | Got the amulet of Coidghyor {Harm Rampage Regen+ Stlth+}
  5892 | D        | Got the amulet of Haicig {RegenMP Dex+4}
  5931 | D        | Got the amulet of Oheprig {Reflect rN+ rCorr Int+2 SH+5}
  5933 | D        | Got the amulet of Wishful Thinking {Reflect Str+7 SH+5}
  5935 | D        | Got the ring "Oklothrie" {rPois rF+ Str+6}
  5937 | D        | Got the amulet of Weet {Faith *Slow Dex+3}
  5939 | D        | Got the ring of Jishrehei {Fly rElec rC+ Will- Slay+5}
  5941 | D        | Got the ring "Liletov" {rF- Will+ Int+7 Dex+4}
  5943 | D        | Got the amulet "Hutum" {Faith SInv}
  5945 | D        | Got the amulet "Kerap" {Reflect +Inv rF++ Will- SH+5
                  | Stlth+}
  5947 | D        | Got the ring "Ineonk" {rElec MP+9}
  6223 | D        | Reached skill level 15 in Armour
  6288 | D        | Noticed a nagaraja
  6302 | D        | Killed a nagaraja
  6355 | D        | Noticed a bone dragon
  6389 | D        | Killed a bone dragon
  6390 | D        | Reached skill level 1 in Axes
  6390 | D        | Reached skill level 15 in Dodging
  6394 | D        | Noticed a golden dragon
  6411 | D        | Killed a golden dragon
  6412 | D        | Noticed a deep elf master archer
  6417 | D        | Killed a deep elf master archer
  6559 | D        | Noticed Snorg
  6585 | D        | Killed Snorg
  6586 | D        | Reached skill level 5 in Axes
  6672 | D        | Noticed an iron dragon
  6680 | D        | Killed a fire giant
  6683 | D        | Noticed a bone dragon
  6684 | D        | Killed an iron dragon
  6716 | D        | Killed a bone dragon
  6721 | D        | Identified the +1 leather armour "Kily" {rPois Int+3}
  6759 | D        | Noticed a shadow dragon
  6772 | D        | Killed a shadow dragon
  7127 | D        | Noticed an ancient lich
  7128 | D        | Noticed a fire giant
  7154 | D        | Killed a fire giant
  7227 | D        | Killed an ancient lich
  7228 | D        | Reached XP level 16. HP: 82/145 MP: 33/33
  7585 | D        | Got the ring "Fame" {*Corrode rF+ Str+5 Slay+4}
  7808 | D        | Noticed a titan
  7820 | D        | Killed a titan
  7822 | D        | Reached skill level 15 in Axes
  7837 | D        | Got the amulet of Xibaalo {Acrobat +Blink Fly rC++ Str+3}
  7946 | D        | Got a silver rune of Zot
  8045 | D        | Reached skill level 1 in Throwing
  8171 | D        | Noticed an orb of fire
  8175 | D        | Gained mutation: You have supernaturally acute eyesight.
                  | (SInv) [an orb of fire]
  8177 | D        | Noticed a golden dragon
  8180 | D        | Noticed a bone dragon
  8187 | D        | Killed an orb of fire
  8187 | D        | Killed a golden dragon
  8188 | D        | Reached skill level 15 in Evocations
  8192 | D        | Killed a bone dragon
  8542 | D        | Noticed an acid blob
  8551 | D        | Noticed a storm dragon
  8553 | D        | Noticed a hellephant
  8562 | D        | Reached skill level 5 in Throwing
  8580 | D        | Killed a hellephant
  8590 | D        | Killed an acid blob
  8643 | D        | Killed a storm dragon
  8648 | D        | Paralysed by a floating eye for 4 turns
  8663 | D        | Noticed a quicksilver dragon
  8664 | D        | Noticed a profane servitor
  8665 | D        | Noticed a shadow dragon
  8667 | D        | Killed a profane servitor
  8668 | D        | Reached XP level 17. HP: 150/155 MP: 25/34
  8687 | D        | Killed a quicksilver dragon
  8835 | D        | Noticed a quicksilver dragon
  8835 | D        | Noticed a titan
  8837 | D        | Noticed a tentacled monstrosity
  8838 | D        | Killed a titan
  8839 | D        | Killed a quicksilver dragon
  8860 | D        | Killed a tentacled monstrosity
  8951 | D        | Got the amulet of Muph {Faith rF+ Stlth+}
  8953 | D        | Got the amulet of Circularity {RegenMP rN+ Str+6}
  8955 | D        | Got the amulet "Vicu" {Acrobat rPois}
  8957 | D        | Got the ring of Xom's Sleight of Hands {rElec AC+4 Str+2}
  8959 | D        | Got the ring of Zacuyf Rayd {rPois AC+4}
  8961 | D        | Got the ring "Syadghef" {rC+ Str+3}
  8963 | D        | Got the ring "Ficras" {rN+ Int+2 SInv}
  8965 | D        | Got the ring "Agups" {Wiz rPois SInv}
  9053 | D        | Got the +10 gold dragon scales "Lynof" {+Blink rPois rF+
                  | rC+ Will- Int+4 Dex+4}
  9218 | D        | Noticed a deep elf master archer
  9220 | D        | Killed a deep elf master archer
  9222 | D        | Noticed a Tzitzimitl
  9238 | D        | Killed a Tzitzimitl
  9426 | D        | Noticed a royal mummy
  9444 | D        | Killed a royal mummy
  9445 | D        | Reached skill level 10 in Throwing
  9502 | D        | Noticed an electric golem
  9516 | D        | Killed an electric golem
  9526 | D        | Noticed a pearl dragon
  9526 | D        | Noticed a pearl dragon
  9538 | D        | Killed a pearl dragon
  9566 | D        | Killed a pearl dragon
  9813 | D        | Noticed an Ice Fiend
  9821 | D        | Killed an Ice Fiend
  9866 | D        | Noticed a Hell Sentinel
  9880 | D        | Killed a Hell Sentinel
  9882 | D        | Noticed Dissolution
  9891 | D        | Paralysed by a floating eye for 4 turns
  9900 | D        | Paralysed by a floating eye for 2 turns
  9906 | D        | Killed Dissolution
 10188 | D        | Noticed a pearl dragon
 10200 | D        | Killed a pearl dragon
 10242 | D        | Noticed a titan
 10242 | D        | Noticed a titan
 10242 | D        | Noticed a titan
 10242 | D        | Noticed a titan
 10242 | D        | Noticed a titan
 10242 | D        | Identified the ring of Darkness {Wiz Drain rCorr SInv}
 10245 | D        | Identified the +10 demon trident of Kesiqun {flame, Will+
                  | Str+3 Stlth+}
 10245 | D        | Noticed a titan
 10245 | D        | Noticed a titan
 10245 | D        | Noticed a titan
 10245 | D        | Noticed a titan
 10245 | D        | Noticed a titan
 10246 | D        | Killed a titan
 10246 | D        | Killed a titan
 10246 | D        | Killed a titan
 10246 | D        | Killed a titan
 10246 | D        | Killed a titan
 10246 | D        | Killed a titan
 10246 | D        | Killed a titan
 10246 | D        | Killed a titan
 10246 | D        | Killed a titan
 10246 | D        | Killed a titan
 10246 | D        | Noticed a titan
 10247 | D        | Gained mutation: Your hexes are more powerful. [demonic
                  | ancestry]
 10247 | D        | Reached XP level 18. HP: 179/179 MP: 26/35
 10266 | D        | Identified the +7 battleaxe of Exhibitionism {elec, Int+2
                  | Dex+3}
 10298 | D        | Reached skill level 27 in Shields
 10318 | D        | Got the Grimoire of Displacement and Companions
 10453 | D        | Got the ring of Sloth {*Corrode Will+++ Dex-3 Slay+4
                  | Stlth+}
 10476 | D        | Got a golden rune of Zot
 10487 | D        | Got the ring of Ashenzari's Pride {Fly rPois Str+6 Dex-3
                  | Stlth+}
 10511 | D        | Got Hismudgh's Volume of Earthen Enchantment
 10604 | D        | Noticed an ancient lich
 10612 | D        | Killed an ancient lich
 10621 | D        | Noticed a tentacled monstrosity
 10628 | D        | Killed a tentacled monstrosity
 10630 | D        | Noticed a curse toe
 10642 | D        | Killed a curse toe
 10643 | D        | Reached skill level 27 in Fighting
 10643 | D        | Gained mutation: You are powered by pain. [demonic
                  | ancestry]
 10643 | D        | Reached XP level 19. HP: 58/189 MP: 36/36
 10963 | D        | Noticed an electric golem
 10985 | D        | Killed an electric golem
 10988 | D        | Noticed Nikola
 11002 | D        | Killed Nikola
 11037 | D        | Noticed Mnoleg
 11095 | D        | Killed Mnoleg
 11291 | D        | Noticed a Brimstone Fiend
 11291 | D        | Noticed the Serpent of Hell
 11291 | D        | Noticed Ignacio
 11301 | D        | Noticed a golden dragon
 11338 | D        | Killed Ignacio
 11787 | D        | Noticed Zobiede the pandemonium lord
 11815 | D        | Killed Zobiede the pandemonium lord
 11836 | D        | Killed the Serpent of Hell
 11837 | D        | Reached skill level 27 in Armour
 11837 | D        | Reached skill level 27 in Dodging
 12116 | D        | Killed a Brimstone Fiend
 12253 | D        | Noticed an ancient lich
 12257 | D        | Noticed a Brimstone Fiend
 12265 | D        | Noticed a pearl dragon
 12267 | D        | Killed an ancient lich
 12281 | D        | Killed a pearl dragon
 12286 | D        | Killed a Brimstone Fiend
 12739 | D        | Noticed Boris
 12756 | D        | Killed Boris
 12834 | D        | Reached skill level 5 in Stealth
 12836 | D        | Reached skill level 5 in Spellcasting
 12950 | D        | Found the +4 staff of Dispater
 12950 | D        | Noticed Dispater
 12988 | D        | Killed from afar by a Hell Sentinel

Illustrated notes

Levels and vault maps discovered:
D:        pitsprint [storerooms_1, entrance_room_1, metal_vault_4, armoury_1,
          mini_pit_1, grid_room_1, main_hall_1, silver_pit, the_coven_3,
          the_vestibule_1, steel_vault_1, golden_pit, hallway_of_sentries,
          crystal_vault_4, iron_vault_2, final_vault]

Skill      XL: |  1  2  3  4  5  6  7  8  9 10 11 12 13 14 15 16 17 18 19 |
---------------+----------------------------------------------------------+-----
Long Blades    | 3 4 5 6 7 9 11 13 15 16 | 16.0
Shields        | 3 5 6 7 9 11 13 15 17 19 20 21 26 27 | 27.0
Fighting       | 4 5 6 7 8 10 12 15 18 19 25 27 | 27.0
Armour         | 4 5 6 7 9 11 14 17 18 23 25 27 | 27.0
Dodging        | 3 4 5 6 8 11 14 16 18 23 25 27 | 27.0
Invocations    | 3 5 6 7 10 13 16 20 25 27 | 27.0
Evocations     | 4 10 14 16 17 18 26 | 26.9
Axes           | 8 16 | 16.3
Polearms       | 12 | 12.7
Throwing       | 6 11 | 11.3
Stealth        | 7 |  7.3
Spellcasting   | 6 |  6.7

Action                   |  1- 3 |  4- 6 |  7- 9 | 10-12 | 13-15 | 16-18 | 19-21 || total
-------------------------+-------+-------+-------+-------+-------+-------+-------++-------
Melee: Long sword        |    28 |    35 |    25 |       |       |       |       ||    88
       Scimitar          |       |       |    66 |   210 |   469 |    65 |       ||   810
       Broad axe         |       |       |       |       |    14 |    32 |   302 ||   348
       Demon trident     |       |       |       |       |       |   377 |       ||   377
Invok: Upheaval          |       |     3 |     5 |     4 |    13 |     5 |     1 ||    31
       Disaster Area     |       |       |       |     5 |     9 |     5 |     2 ||    21
  Use: Potion            |       |       |       |       |    11 |     1 |     8 ||    20
       Scroll            |       |       |       |       |       |    13 |    10 ||    23
Armor: Scale mail        |    10 |     4 |       |       |       |       |       ||    14
       Chain mail        |       |     7 |    29 |    46 |       |       |       ||    82
       Plate armour      |       |       |       |    26 |    15 |       |       ||    41
       Crystal plate arm |       |       |       |       |   184 |    87 |       ||   271
       Gold dragon scale |       |       |       |       |       |    49 |   109 ||   158
Dodge: Dodged            |     7 |    13 |    27 |    69 |    92 |    98 |    86 ||   392
       Repelled          |       |       |       |       |    10 |     5 |     2 ||    17
Block: Buckler           |     4 |    10 |    47 |   205 |    92 |       |       ||   358
       Reflection        |       |       |       |       |    22 |    19 |     4 ||    45
       Tower shield      |       |       |       |       |   374 |   463 |   398 ||  1235

Table legend: (Time is in decaauts) A = Elapsed time spent in this place. B = Non-inter-level travel time spent in this place. C = Inter-level travel time spent in this place. D = Time resting spent in this place. E = Time spent auto-exploring this place. F = Levels seen in this place. G = Mean time per level. A B C D E F G +--------+--------+--------+--------+--------+-----+--------+ Total | 12513 | 12465 | 48 | 7521 | 0 | 1 | 12513.0 | Dungeon | 12513 | 12465 | 48 | 7521 | 0 | 1 | 12513.0 | +--------+--------+--------+--------+--------+-----+--------+

Top non-repeatable levels by time:
       D: 12513 daAuts
